 Dungeon Crawl Stone Soup version 0.29-a0-321-gf1c400731a (webtiles) character file.

Game seed: 17212977757180167736

237 siradein the Caller (level 6, -3/39 HPs)
             Began as an Octopode Summoner on Apr 4, 2022.
             Was an Initiate of Gozag.
             Slain by a scorpion (6 damage)
             ... on level 5 of the Dungeon.
             The game lasted 00:13:30 (3716 turns).

siradein the Caller (Octopode Summoner)             Turns: 3716, Time: 00:13:31

Health: -3/39      AC:  1    Str:  8    XL:     6   Next: 6%
Magic:  3/10       EV: 14    Int: 19    God:    Gozag
Gold:   56         SH:  0    Dex: 12    Spells: 1/11 levels left

rFire   . . .      SeeInvis .   p - +0 hunting sling
rCold   . . .      Faith    .   (no shield)
rNeg    . . .      Spirit   .   (helmet restricted)
rPois   .          Reflect  .   (no amulet)
rElec   .          Harm     .   b - ring of flight
rCorr   .          Rampage  .   (no ring)
Will    .....                   (no ring)
Stlth   +++.......              (no ring)
HPRegen 0.13/turn               (no ring)
MPRegen 0.12/turn               (no ring)
                                (no ring)
                                (no ring)

@: flying
A: almost no armour, amphibious, 8 rings, camouflage 1, gelatinous body 1,
(nimble swimmer 1), tentacles
a: Renounce Religion, Potion Petition, Call Merchant, Bribe Branch


You were on level 5 of the Dungeon.
You worshipped Gozag.
Gozag was noncommittal.
You visited 2 branches of the dungeon, and saw 6 of its levels.

You collected 163 gold pieces.
You spent 42 gold pieces at shops.
You paid 65 gold pieces to Gozag.

Inventory:

Hand Weapons
 p - a +0 hunting sling (weapon)
Armour
 l - a +0 kite shield
Jewellery
 b - a ring of flight (left tentacle)
Scrolls
 c - 2 scrolls of teleportation
 d - 2 scrolls of immolation
 i - a scroll of magic mapping {unknown}
 m - a scroll of fear {unknown}
 n - 2 scrolls of silence {unknown}
 o - a scroll of blinking {unknown}
Potions
 a - 2 potions of magic
 e - a potion of might {unknown}
 f - 2 potions of brilliance
 g - a potion of heal wounds
 h - a potion of degeneration {unknown}
 j - a potion of invisibility {unknown}
 k - a potion of curing


   Skills:
 + Level 1.7 Fighting
 + Level 3.4 Dodging
 - Level 2.6 Stealth
 + Level 1.6 Shields
 + Level 3.2 Spellcasting
 + Level 4.9 Summonings


You had one spell level left.
You knew the following spells:

 Your Spells              Type           Power      Damage    Failure   Level
a - Summon Small Mammal   Summ           88%        N/A       1%          1
b - Call Imp              Summ           22%        N/A       3%          2
c - Call Canine Familiar  Summ           22%        N/A       6%          3
d - Summon Lightning Spi  Summ/Air       12%        N/A       47%         4

Your spell library contained the following spells:

 Spells                   Type           Power      Damage    Failure   Level
 Summon Guardian Golem    Hex/Summ       12%        N/A       16%         3
 Ozocubu's Armour         Ice            3%         N/A       41%         3
 Ozocubu's Refrigeration  Ice            1%         4d5       100%        7


Dungeon Overview and Level Annotations

Branches:
Dungeon (6/15)             Temple (1/1) D:6

Altars:
Cheibriados
Fedhas
Gozag
Hepliaklqana
Kikubaaqudgha
Nemelex Xobeh
Qazlal
Ru
Trog
Vehumet
Wu Jian
Xom
Yredelemnul

Shops:
D:1 !


Innate Abilities, Weirdness & Mutations

You cannot wear most types of armour.
You are amphibious.
You can wear up to eight rings at the same time.
Your skin changes colour to match your surroundings (Stealth+).
Your rubbery body absorbs attacks. (AC +1, EV +1)
((You are camouflaged when in or above water. (Stealth+)))
You have tentacles for arms and can constrict up to eight enemies at once.


Message History

The ufetubus closely misses you. The ufetubus barely misses you.
The ufetubus completely misses you.
The scorpion is no longer distracted by gold.
You swap places.
Found a sedimented cyan potion.
The ufetubus hits your hound.
The ufetubus hits your hound but does no damage.
Your hound bites the ufetubus.
The ufetubus closely misses your hound. x2
Your hound bites the ufetubus.
The ufetubus dies!
There is a stone staircase leading down here.
What are your orders? t - Shout!
Orders for allies: a - Attack new target. r - Retreat! s - Stop attacking. g - Guard the area. f - Follow me.
Anything else - Cancel.
Gang up on whom?
Press: ? - help, Dir - move target, f - scorpion
Aim: a scorpion Attack!
The scorpion stings your hound.
Your hound barely misses the scorpion.
The scorpion completely misses your hound.
Your hound bites the scorpion but does no damage.
Your hound bites the scorpion.
The scorpion stings your hound.
Your hound is poisoned.
The scorpion poisons your hound!
Your hound bites the scorpion but does no damage.
The scorpion stings your hound but does no damage.
Your hound bites the scorpion.
Found a quarterstaff.
The jackal is distracted by your dazzling golden aura.
The jackal is no longer distracted by gold.
The jackal is distracted by your dazzling golden aura.
Casting: Call Canine Familiar (dangerous; 6% risk of failure)
Confirm with . or Enter, or press ? or * to list all spells.
Your hound bites the scorpion but does no damage.
The scorpion stings you.
* * * LOW HITPOINT WARNING * * *
The scorpion attacks as you move away! The scorpion stings you.
You die...
Your body crumbles into a pile of gold.

#...#!..#
##...#...#
##.#.#.#.#..
#..#.#.#.#...
#..#.#.#.#
..#
#.#.#..)#. #.
#...#...#
#####hs.#
##@#.....#
#.#....#. #.#
..## ##. ###
#


You could see a scorpion (ally target) and a friendly hound (summoned).

Vanquished Creatures
  2 gnolls
  3 adders (D:2)
  A worm (D:2)
  2 dart slugs
  3 ball pythons
  2 endoplasms (D:1)
  2 giant cockroaches
  3 goblins
  4 hobgoblins
  2 jackals
  2 quokkas
  4 frilled lizards (D:1)
  A kobold (D:1)
  5 rats
36 creatures vanquished.

Vanquished Creatures (collateral kills)
  A hound (D:5)
  A jelly (D:6)
  2 gnolls (D:2)
  4 adders (D:2)
  An ufetubus (D:5)
  A dart slug (D:1)
  2 bats
  2 endoplasms (D:1)
  2 giant cockroaches
  3 goblins
  A hobgoblin (D:1)
  2 jackals (D:5)
  4 frilled lizards
  2 rats (D:2)
28 creatures vanquished.

Vanquished Creatures (others)
  10 plants (D:1)
10 creatures vanquished.

Grand Total: 74 creatures vanquished

Notes
Turn   | Place    | Note
-------+----------+-------------------------------------------
     0 | D:1      | siradein the Octopode Summoner began the quest for the Orb.
     0 | D:1      | Reached XP level 1. HP: 11/11 MP: 3/3
   218 | D:1      | Reached XP level 2. HP: 14/17 MP: 1/5
   737 | D:1      | Reached XP level 3. HP: 21/21 MP: 4/6
   740 | D:1      | Learned a level 2 spell: Call Imp
   744 | D:1      | Learned a level 3 spell: Call Canine Familiar
  1049 | D:1      | Found Fugibb's Distillery.
  1083 | D:1      | Bought a potion of curing for 42 gold pieces
  1584 | D:2      | Reached XP level 4. HP: 16/27 MP: 2/8
  2593 | D:2      | Reached skill level 1 in Fighting
  2835 | D:2      | Reached XP level 5. HP: 27/33 MP: 7/9
  2902 | D:2      | Reached skill level 1 in Shields
  3211 | D:2      | Found a faded altar of an unknown god.
  3274 | D:2      | Learned a level 4 spell: Summon Lightning Spire
  3435 | D:3      | You fall into a shaft and drop 3 floors!
  3435 | D:6      | Found a staircase to the Ecumenical Temple.
  3443 | Temple   | Entered the Ecumenical Temple
  3518 | Temple   | Became a worshipper of Gozag Ym Sagoz the Greedy
  3628 | D:6      | Noticed an ice beast
  3655 | D:5      | Entered Level 5 of the Dungeon
  3660 | D:5      | Reached XP level 6. HP: 20/39 MP: 5/10
  3665 | D:5      | Noticed a sky beast
  3692 | D:5      | HP: 1/39 [ufetubus (3)]
  3716 | D:5      | Slain by a scorpion

Illustrated notes

Levels and vault maps discovered:
D:1:      dpeg_arrival_boxes_within_box, layout_rooms, serial_shops,
          nicolae_shop_crystal, minmay_lizard_king
D:2:      layout_loops_ring, hellmonk_ecumenical_altar_crossroads,
          minmay_hexomino_c4
D:3:      layout_rooms, uniq_crazy_yiuf_cottage
D:5:      nicolae_BIG_FREAKIN_CUBE, layout_loops_ring
D:6:      layout_cave_pools, kennysheep_okawaru_gauntlet, zin_statuary,
          lemuel_temple_firewalk_b
Temple:   dshaligram_water_room_temple

Skill      XL: |  1  2  3  4  5 |
---------------+----------------+-----
Dodging        | 3 |  3.4
Fighting       | 1 |  1.7
Shields        | 1 |  1.6
Spellcasting   | 3 |  3.2
Stealth        | |  2.6
Summonings     | |  4.9

Action                   |  1- 3 |  4- 6 || total
-------------------------+-------+-------++-------
Melee: Short sword       |    48 |    34 ||    82
       Constrict         |    16 |    10 ||    26
       Tentacles         |    10 |     7 ||    17
       Punch             |       |     1 ||     1
 Fire: Hunting sling     |       |     7 ||     7
 Cast: Summon Small Mamm |    17 |       ||    17
       Call Imp          |     8 |    15 ||    23
       Call Canine Famil |       |     5 ||     5
  Use: Scroll            |       |     4 ||     4
 Stab: Sleeping          |     3 |     1 ||     4
       Distracted        |     1 |       ||     1
Armor: Skin              |     2 |     5 ||     7
Dodge: Dodged            |    30 |    48 ||    78
Block: Kite shield       |     6 |    10 ||    16

Table legend: (Time is in decaauts)
 A = Elapsed time spent in this place.
 B = Non-inter-level travel time spent in this place.
 C = Inter-level travel time spent in this place.
 D = Time resting spent in this place.
 E = Time spent auto-exploring this place.
 F = Levels seen in this place.
 G = Mean time per level.
                   A        B        C        D        E       F      G
               +--------+--------+--------+--------+--------+-----+--------+
         Total |   3735 |   3703 |     32 |    361 |   2498 |   6 |  622.5 |
       Dungeon |   3632 |   3600 |     32 |    361 |   2439 |   5 |  726.4 |
        Temple |    103 |    103 |      0 |      0 |     59 |   1 |  103.0 |
               +--------+--------+--------+--------+--------+-----+--------+

Top non-repeatable levels by time:
     D:2: 1801 daAuts
     D:1: 1650 daAuts
     D:6: 116 daAuts
  Temple: 103 daAuts
     D:5: 63 daAuts
     D:3: 0 daAuts
